 Dungeon Crawl Stone Soup version 0.19.1 (webtiles) character file.

758 JustSomeDude the Grave Robber (level 7, -11/46 HPs)
             Began as a Demonspawn Necromancer on Nov 29, 2016.
             Mangled by an orc warrior
             ... wielding a +0 dire flail
              (13 damage)
             ... on level 7 of the Dungeon on Dec 3, 2016.
             The game lasted 00:38:57 (6075 turns).

JustSomeDude the Grave Robber (DsNe)                Turns: 6075, Time: 00:38:58

Health: -11/46     AC:  9    Str:  8    XL:     7   Next: 50%
Magic:  20/24      EV: 18    Int: 18    God:
Gold:   143        SH:  0    Dex: 24    Spells: 2 memorised, 11 levels left

rFire  . . .     SeeInvis .     A - +0 short sword (drain)
rCold  . . .     Gourm    +     a - +0 robe
rNeg   . . .     Faith    .     (no shield)
rPois  +         Spirit   .     (no helmet)
rElec  .         Reflect  .     (no cloak)
rCorr  .         Harm     .     v - +0 pair of gloves
MR     .....                    (no boots)
Stlth  ++++++....               h - amulet "Agudd" {Gourm *Contam MP+9 Dex+5 Stlth+}
                                (no ring)
                                i - ring of poison resistance

@: agile, sanguine armour
A: hooves 1, nightstalker 1, rot immunity, sanguine armour 1
a: no special abilities


You were on level 7 of the Dungeon.
You were not hungry.

You visited 1 branch of the dungeon, and saw 7 of its levels.

You collected 143 gold pieces.

Inventory:

Hand Weapons
 A - a +0 short sword of draining (weapon)
Armour
 a - a +0 robe (worn)
 v - a +0 pair of gloves (worn)
Jewellery
 h - the amulet "Agudd" (around neck) {Gourm *Contam MP+9 Dex+5 Stlth+}
   (You found it on level 5 of the Dungeon)

   [amulet of the gourmand]

   It allows you to eat raw meat even when not hungry.
   It affects your dexterity (+5).
   It affects your magic capacity (+9).
   It causes magical contamination when unequipped.
   It makes you more stealthy.
 i - a ring of poison resistance (left hand)
 y - an uncursed ring of fire
Wands
 o - a wand of flame (31/48)
Scrolls
 c - 3 scrolls of enchant armour
 e - 4 scrolls of identify
 f - 5 scrolls of remove curse
 s - a scroll of blinking {unknown}
 t - a scroll of recharging {unknown}
 u - a scroll of enchant weapon {unknown}
Potions
 d - 2 potions of flight
Books
 b - a book of Necromancy

   Spells                             Type                      Level
   a - Pain                           Necromancy                   1
   b - Animate Skeleton               Necromancy                   1
   c - Vampiric Draining              Necromancy                   3
   d - Regeneration                   Charms/Necromancy            3
   e - Animate Dead                   Necromancy                   4
   f - Control Undead                 Necromancy                   4
Comestibles
 l - a beef jerky
 p - 4 fruits
 w - a bread ration


   Skills:
 + Level 2.1 Dodging
 + Level 2.7 Stealth
 + Level 1.2 Unarmed Combat
 + Level 5.4 Spellcasting
 + Level 7.3 Necromancy


You had 11 spell levels left.
You knew the following spells:

 Your Spells              Type           Power        Failure   Level  Hunger
a - Pain                  Necr           ####         1%          1    None
b - Animate Dead          Necr           N/A          8%          4    ####...


Dungeon Overview and Level Annotations

Branches:
Dungeon (7/15)
 Temple: D:4-7

Altars:
Ashenzari
Gozag
Hepliaklqana
Nemelex Xobeh
Uskayaw

Shops:
D:6 !

Annotations:
D:2 Sigmund
D:5 feelmyfire's ghost, novice MiMo


Innate Abilities, Weirdness & Mutations

You have large cloven feet.
You are slightly more attuned to the shadows.
You are immune to rotting.
When seriously injured, your bleeding wounds create armour. (AC +6)


Message History

Casting: Pain
Confirm with . or Enter, or press ? or * to list all spells.
Aiming: Pain
Press: ? - help, Shift-Dir - straight line, f/p - orc warrior
Aim: an orc warrior, wielding a dire flail and wearing a chain mail (moderately wounded, chance to defeat MR: 84%)
The orc warrior writhes in agony!
Casting: Pain
Confirm with . or Enter, or press ? or * to list all spells.
Aiming: Pain
Press: ? - help, Shift-Dir - straight line, f/p - orc warrior
Aim: an orc warrior, wielding a dire flail and wearing a chain mail (heavily wounded, chance to defeat MR: 84%)
The orc warrior writhes in agony!
The orc warrior closely misses you.
Casting: Pain
Confirm with . or Enter, or press ? or * to list all spells.
Aiming: Pain
Press: ? - help, Shift-Dir - straight line, f/p - orc warrior
Aim: an orc warrior, wielding a dire flail and wearing a chain mail (heavily wounded, chance to defeat MR: 84%)
The orc warrior writhes in agony!
The orc warrior hits you with a dire flail!
You die...

# .##
..?#####.!.#
#....@o.#
#######.....
#.## #


You could see an orc warrior.

Vanquished Creatures
  A bullfrog (D:6)
  A scorpion (D:6)
  A howler monkey (D:5)
  A hound (D:4)
  A gnoll shaman (D:4)
  2 orc priests (D:4)
  An orc wizard (D:3)
  Terence (D:2)
  Natasha (thrice) (D:2)
  A worker ant (D:4)
  A hound skeleton (D:4)
  7 gnolls
  4 adders
  3 oozes (D:1)
  A worm (D:4)
  3 dart slugs
  5 leopard geckos
  9 orcs
  2 ball pythons (D:3)
  3 giant cockroaches
  6 goblins
  7 hobgoblins
  4 jackals (D:5)
  2 quokkas
  11 bats
  8 frilled lizards
  15 kobolds
  13 rats
117 creatures vanquished.

Vanquished Creatures (collateral kills)
  A centaur (D:6)
  A howler monkey (D:6)
  An adder (D:5)
  3 orcs
6 creatures vanquished.

Grand Total: 123 creatures vanquished

Notes
Turn   | Place    | Note
-------+----------+-------------------------------------------
     0 | D:1      | JustSomeDude the Demonspawn Necromancer began the quest for the Orb.
     0 | D:1      | Reached XP level 1. HP: 13/13 MP: 3/3
   265 | D:1      | Gained mutation: When seriously injured, your bleeding wounds create armour. (AC +6) [demonic ancestry]
   265 | D:1      | Reached XP level 2. HP: 1/19 MP: 0/5
  1009 | D:1      | Gained mutation: You are slightly more attuned to the shadows. [demonic ancestry]
  1009 | D:1      | Reached XP level 3. HP: 15/24 MP: 3/6
  1356 | D:1      | Reached skill level 5 in Necromancy
  1496 | D:2      | Noticed Sigmund
  1991 | D:2      | Noticed Terence
  1996 | D:2      | Killed Terence
  1996 | D:2      | Gained mutation: You have large cloven feet. [demonic ancestry]
  1996 | D:2      | Reached XP level 4. HP: 22/30 MP: 0/8
  2002 | D:2      | Learned a level 4 spell: Animate Dead
  2057 | D:2      | Reached skill level 1 in Unarmed Combat
  2458 | D:2      | Noticed Natasha
  2473 | D:2      | Killed Natasha
  2600 | D:2      | Noticed Natasha
  2605 | D:2      | Killed Natasha
  2605 | D:2      | Reached XP level 5. HP: 24/35 MP: 4/10
  2760 | D:2      | Noticed Natasha
  2771 | D:2      | Killed Natasha
  3197 | D:3      | Reached skill level 6 in Necromancy
  3968 | D:3      | Reached XP level 6. HP: 39/41 MP: 8/12
  4170 | D:4      | Found an opulent altar of Gozag.
  4170 | D:4      | Found a sparkling altar of Nemelex Xobeh.
  4268 | D:4      | Found a shattered altar of Ashenzari.
  5008 | D:5      | Entered Level 5 of the Dungeon
  5032 | D:5      | Noticed an ice beast
  5142 | D:5      | Got a scintillating silver amulet
  5147 | D:5      | Noticed feelmyfire's ghost (novice MiMo)
  5399 | D:4      | Identified the amulet "Agudd" {Gourm *Contam MP+9 Dex+5 Stlth+} (You found it on level 5 of the Dungeon)
  5780 | D:5      | Reached skill level 7 in Necromancy
  5780 | D:5      | Gained mutation: You are immune to rotting. [demonic ancestry]
  5780 | D:5      | Reached XP level 7. HP: 31/46 MP: 14/14
  5805 | D:5      | Found a hazy altar of Hepliaklqana.
  5893 | D:5      | Found a hide-covered altar of Uskayaw.
  5969 | D:6      | Reached skill level 5 in Spellcasting
  6019 | D:6      | Found Quss's Distillery.
  6075 | D:7      | Mangled by an orc warrior

Skill      XL: |  1  2  3  4  5  6  7 |
---------------+----------------------+-----
Necromancy     | 5 6 7 |  7.3
Spellcasting   | 3 4 5 |  5.4
Stealth        | 2 |  2.7
Unarmed Combat | 1 |  1.2
Dodging        | 2 |  2.1

Action                   |  1- 3 |  4- 6 |  7- 9 || total
-------------------------+-------+-------+-------++-------
Melee: Unarmed           |    30 |    15 |       ||    45
       Kick              |       |     2 |     3 ||     5
       Short sword       |       |     1 |    10 ||    11
 Cast: Pain              |    84 |   167 |    27 ||   278
       Animate Dead      |       |     8 |     2 ||    10
  Use: Potion            |     2 |       |     4 ||     6
       Scroll            |       |     7 |       ||     7
 Stab: Sleeping          |       |     1 |       ||     1
  Eat: Chunk             |     2 |     5 |       ||     7
       Bread ration      |     1 |     1 |       ||     2
       Meat ration       |       |       |     1 ||     1
Armor: Robe              |    30 |    12 |     3 ||    45
       Skin              |       |       |    43 ||    43
Dodge: Dodged            |    44 |    38 |    22 ||   104
